 Dungeon Crawl Stone Soup version 0.28.0-53-g5a82cb258f (webtiles) character file.

Game seed: 2053235590426281032

891 MalarOregon the Magician (level 7, -1/56 HPs)
             Began as a Palentonga Hedge Wizard on June 16, 2022.
             Was an Initiate of Gozag.
             Slain by a water moccasin (2 damage)
             ... on level 6 of the Dungeon.
             The game lasted 00:14:43 (8167 turns).

MalarOregon the Magician (Palentonga Hedge Wizard)  Turns: 8167, Time: 00:14:44

Health: -1/56      AC: 12    Str: 15    XL:     7   Next: 78%
Magic:  7/13       EV: 11    Int: 15    God:    Gozag
Gold:   176        SH:  0    Dex: 15    Spells: 7/15 levels left

rFire   . . .      SeeInvis +   c - +0 dagger (venom)
rCold   . . .      Faith    .   (no shield)
rNeg    + . .      Spirit   .   f - +0 robe {rN+}
rPois   .          Reflect  .   h - +0 helmet
rElec   .          Harm     .   (no cloak)
rCorr   .          Rampage  .   (no gloves)
Will    .....                   (no barding)
Stlth   ++........              (no amulet)
HPRegen 0.18/turn               m - +6 ring of dexterity
MPRegen 0.13/turn               (no ring)

@: brilliant, lethally poisoned (-1 -> -17), very slightly contaminated, curled
up
A: large, rugged brown scales 3, see invisible, deformed body, roll 1, armoured
tail, reflexive curl
a: Rolling Charge, Renounce Religion, Potion Petition, Call Merchant, Bribe
Branch


You were on level 6 of the Dungeon.
You worshipped Gozag.
Gozag was aware of your devotion.
You visited 1 branch of the dungeon, and saw 6 of its levels.

You collected 236 gold pieces.
You paid 60 gold pieces to Gozag.


Innate Abilities, Weirdness & Mutations

You are completely covered in rugged brown scales. (AC +3, +7% HP)
You have supernaturally acute eyesight. (SInv)
Armour fits poorly on your strangely shaped body.
You can roll at nearby foes to attack.
You have a long armoured tail.
You curl defensively after being hit. (AC +7*)


   Skills:
 + Level 3.7 Fighting
 + Level 3.0 Armour
 + Level 3.5 Dodging
 - Level 1.2 Stealth
 + Level 4.6 Spellcasting
 - Level 1.0 Conjurations
 - Level 1.0 Summonings
 - Level 3.0 Translocations
 - Level 1.0 Air Magic
 - Level 1.0 Poison Magic
 - Level 1.0 Evocations


You had 7 spell levels left.
You knew the following spells:

 Your Spells              Type           Power      Damage    Failure   Level
a - Magic Dart            Conj           36%        1d4       12%         1
b - Blink                 Tloc           36%        N/A       8%          2
f - Mephitic Cloud        Conj/Pois/Air  9%         N/A       34%         3
x - Call Imp              Summ           9%         N/A       17%         2

Your spell library contained the following spells:

 Spells                   Type           Power      Damage    Failure   Level
 Slow                     Hex            20%        N/A       17%         1
 Conjure Flame            Conj/Fire      7%         6-21      38%         3

Inventory:

Hand Weapons
 c - a +0 dagger of venom (weapon)
   (You found it on level 2 of the Dungeon)
Missiles
 a - 11 poisoned darts
Armour
 f - a +0 robe of positive energy (worn)
   (You found it on level 1 of the Dungeon)
 h - a +0 helmet (worn)
   (You found it on level 1 of the Dungeon)
Magical Staves
 q - a staff of air
   (You found it on level 4 of the Dungeon)
 u - a staff of poison
   (You found it on level 5 of the Dungeon)
Jewellery
 m - a +6 ring of dexterity (left hand)
   (You found it on level 3 of the Dungeon)
Wands
 j - a wand of polymorph (4)
   (You took it off Terence on level 3 of the Dungeon)
Scrolls
 b - a scroll of enchant weapon {unknown}
 e - 6 scrolls of identify {unknown}
 g - 2 scrolls of immolation {unknown}
 k - a scroll of silence {unknown}
 l - a scroll of teleportation {unknown}
 p - 2 scrolls of amnesia {unknown}
 t - a scroll of enchant armour {unknown}
Potions
 d - 2 potions of brilliance
 i - a potion of heal wounds {unknown}
 n - a potion of degeneration {unknown}
 o - a potion of invisibility {unknown}
 r - a potion of curing {unknown}
 s - a potion of ambrosia {unknown}
 v - a potion of flight {unknown}

Dungeon Overview and Level Annotations

Branches:
Dungeon (6/15)
 Temple: D:4-7

Altars:
Dithmenos
Elyvilon
Gozag
Sif Muna
The Shining One

Annotations:
D:5 1 runed translucent door, Crazy Yiuf

.. ... .
... #. ..#
.##.# ...#
#..#
######..#
#<[...S@#
#$####ยง##
#.# #. ...
#. ..# #.
...# ##
.... ....#


You could see a water moccasin (very poisoned).


Message History

No target in view!
No target in view!
You now have 170 gold pieces (gained 3).
You now have 176 gold pieces (gained 6).
You see here a +0 dagger.
You start resting.
There is a stone staircase leading down, spattered with blood here.
You climb downwards.
The orc priest looks braver for a moment.
There is a stone staircase leading up, spattered with blood here.
You hit the orc priest.
The orc priest is poisoned.
Your tail-slap misses the orc priest.
The orc priest hits you with a +0 hand axe.
You hit the orc priest.
The orc priest hits you with a +0 hand axe.
You hit the orc priest. The orc priest completely misses you.
You hit the orc priest.
The orc priest looks as sick as possible!
You kill the orc priest!
You hit the orc wizard.
The orc wizard is poisoned.
You tail-slap the orc wizard.
The orc wizard hits you with a +0 dagger.
You closely miss the orc wizard. The orc wizard barely misses you.
You hit the orc wizard.
The orc wizard looks as sick as possible!
You tail-slap the orc wizard, but do no damage.
The orc wizard barely misses you.
You barely miss the orc wizard.
Your tail-slap misses the orc wizard.
The orc wizard barely misses you.
You hit the orc wizard but do no damage.
The orc wizard looks as sick as possible!
The orc wizard closely misses you.
You barely miss the orc wizard.
Your tail-slap misses the orc wizard.
You kill the orc wizard!
The water moccasin barely misses you.
Your Armour skill increases to level 3!
You hit the water moccasin but do no damage.
The water moccasin bites you but does no damage.
You barely miss the water moccasin. The water moccasin bites you.
You are poisoned.
The water moccasin poisons you!
You barely miss the water moccasin.
You feel very sick.
The water moccasin completely misses you.
The water moccasin barely misses you.
You closely miss the water moccasin.
Your tail-slap misses the water moccasin.
You feel sick. The water moccasin bites you.
You hit the water moccasin.
You feel sick.
The water moccasin bites you but does no damage. x2
You hit the water moccasin but do no damage.
You feel sick. The water moccasin closely misses you.
You hit the water moccasin but do no damage.
The water moccasin is poisoned.
You feel sick. The water moccasin bites you.
* * * LOW HITPOINT WARNING * * *
You are more poisoned.
The water moccasin poisons you!
Unknown command.
Casting: Magic Dart (safe; 12% risk of failure)
Confirm with . or Enter, or press ? or * to list all spells.
You blink.
You feel very sick.
Press: ? - help, v - describe, . - travel
Here: a water moccasin (lightly wounded, very poisoned)
The floor.
Casting: Blink (safe; 8% risk of failure)
Confirm with . or Enter, or press ? or * to list all spells.
A beastly little devil appears in a puff of flame.
You feel very sick.
Casting: Call Imp (safe; 17% risk of failure)
Confirm with . or Enter, or press ? or * to list all spells.
You miscast Call Imp.
You are very lightly contaminated with residual magic.
Nothing appears to happen.
You feel very sick.
You closely miss the water moccasin.
You feel sick. The water moccasin bites you.
* * * LOW HITPOINT WARNING * * *
It was a potion of brilliance.
You feel clever all of a sudden.
You feel stable enough to blink again.
* * * LOW HITPOINT WARNING * * *
You feel sick.
Your crimson imp closely misses the water moccasin.
The water moccasin bites you.
* * * LOW HITPOINT WARNING * * *
You are more poisoned.
The water moccasin poisons you!
Okay, then.
Unknown command.
Aiming: Polymorph
Press: ? - help, Shift-Dir - straight line, f - crimson imp
Aim: a crimson imp (summoned, friendly, will become a white imp, a neqoxec, or a ynoxinul, chance to affect: 33%) Really fire at your crimson imp?
Your crimson imp easily resists.
Your crimson imp disappears in a puff of smoke!
* * * LOW HITPOINT WARNING * * *
You feel very sick. The water moccasin bites you.
You die...
Your body crumbles into a pile of gold.

Skill      XL: |  1  2  3  4  5  6  7 |
---------------+----------------------+-----
Fighting       | 1 2 3 |  3.7
Armour         | 1 2 3 |  3.0
Dodging        | 2 3 |  3.5
Translocations | 2 3 |  3.0
Conjurations   | 1 |  1.0
Summonings     | 1 |  1.0
Poison Magic   | 1 |  1.0
Spellcasting   | 4 |  4.6
Evocations     | 1 |  1.0
Air Magic      | 1 |  1.0
Stealth        | |  1.2

Action                   |  1- 3 |  4- 6 |  7- 9 || total
-------------------------+-------+-------+-------++-------
Melee: Dagger            |    92 |    99 |    85 ||   276
       Tailslap          |    11 |    18 |    12 ||    41
       Unarmed           |       |    12 |       ||    12
       Punch             |       |     3 |     1 ||     4
 Cast: Magic Dart        |    43 |    88 |    28 ||   159
       Call Imp          |       |       |     2 ||     2
       Mephitic Cloud    |       |       |     1 ||     1
       Blink             |       |       |     1 ||     1
 Abil: Rolling Charge    |     5 |       |     2 ||     7
Evoke: Wand              |       |       |     1 ||     1
  Use: Potion            |       |       |     1 ||     1
 Stab: Sleeping          |     2 |     1 |       ||     3
Armor: Robe              |    43 |    31 |    22 ||    96
Dodge: Dodged            |    39 |    59 |    49 ||   147

Levels and vault maps discovered:
D:1:      lightli_arrival_lavapool, layout_basic
D:2:      layout_basic, serial_bayou_lake_a, uniq_jessica
D:3:      layout_basic, uniq_terence
D:4:      layout_layer_cave
D:5:      layout_basic, minitemple, uniq_crazy_yiuf_cottage
D:6:      layout_basic

Notes
Turn   | Place    | Note
-------+----------+-------------------------------------------
     0 | D:1      | MalarOregon the Palentonga Hedge Wizard began the quest for
                  | the Orb.
     0 | D:1      | Reached XP level 1. HP: 13/13 MP: 4/4
   564 | D:1      | Reached XP level 2. HP: 21/21 MP: 3/6
  1521 | D:1      | Reached skill level 1 in Fighting
  1524 | D:1      | Reached XP level 3. HP: 22/27 MP: 1/7
  1768 | D:2      | Reached skill level 1 in Armour
  1768 | D:2      | Reached skill level 2 in Dodging
  2111 | D:2      | Noticed Jessica
  2123 | D:2      | Killed Jessica
  2124 | D:2      | Reached skill level 2 in Translocations
  2124 | D:2      | Reached XP level 4. HP: 26/34 MP: 9/9
  2585 | D:3      | Identified the +0 short sword "Soube" {holy, Contam rPois
                  | rN+++ Will+}
  2852 | D:3      | Noticed Terence
  2867 | D:3      | Killed Terence
  2868 | D:3      | Reached XP level 5. HP: 12/40 MP: 1/10
  3687 | D:4      | Reached skill level 2 in Fighting
  4185 | D:4      | Learned a level 2 spell: Blink
  4188 | D:4      | Learned a level 2 spell: Call Imp
  4192 | D:4      | Learned a level 3 spell: Mephitic Cloud
  4211 | D:4      | Reached skill level 1 in Conjurations
  4324 | D:4      | Reached XP level 6. HP: 47/47 MP: 6/11
  4692 | D:4      | Reached skill level 2 in Armour
  4692 | D:4      | Reached skill level 1 in Summonings
  5772 | D:5      | Entered Level 5 of the Dungeon
  6022 | D:5      | Reached skill level 3 in Translocations
  6022 | D:5      | Reached skill level 1 in Poison Magic
  6037 | D:5      | Reached skill level 4 in Spellcasting
  6037 | D:5      | Reached skill level 1 in Evocations
  6168 | D:5      | Gained mutation: You curl defensively after being hit. (AC
                  | +7*) [Palentonga growth]
  6168 | D:5      | Reached XP level 7. HP: 53/54 MP: 8/13
  6210 | D:5      | Reached skill level 1 in Air Magic
  6294 | D:5      | Reached skill level 3 in Dodging
  6323 | D:5      | Reached skill level 3 in Fighting
  6637 | D:5      | Found a runed translucent door.
  6638 | D:5      | Noticed Crazy Yiuf
  6774 | D:5      | Found an opulent altar of Gozag.
  6781 | D:5      | Became a worshipper of Gozag Ym Sagoz the Greedy
  6784 | D:5      | Found a shadowy altar of Dithmenos.
  6784 | D:5      | Found a glowing golden altar of the Shining One.
  6785 | D:5      | Found a shimmering blue altar of Sif Muna.
  6786 | D:5      | Found a white marble altar of Elyvilon.
  7438 | D:5      | HP: 11/55 [orc warrior/+0 glaive (15)]
  8155 | D:6      | Reached skill level 3 in Armour
  8165 | D:6      | HP: 13/56 [poisoned by a water moccasin]
  8166 | D:6      | HP: 5/56 [water moccasin (2)]
  8167 | D:6      | HP: 1/56 [poisoned by a water moccasin]
  8167 | D:6      | Slain by a water moccasin

Vanquished Creatures
  An orc warrior (D:5)
  An ogre (D:5)
  2 scorpions (D:5)
  A water moccasin skeleton (D:5)
  3 hounds
  A jelly (D:4)
  An orc priest (D:6)
  Jessica (D:2)
  A centaur skeleton (D:5)
  Terence (D:3)
  5 iguanas
  2 orc wizards (D:6)
  A howler monkey skeleton (D:4)
  6 adders
  An adder skeleton (D:4)
  2 worms
  4 dart slugs
  3 orcs
  7 ball pythons
  A bat (D:3)
  3 endoplasms
  4 giant cockroaches
  9 hobgoblins
  3 jackals (D:1)
  3 quokkas
  A frilled lizard (D:3)
  5 goblins
  4 kobolds
  6 rats
83 creatures vanquished.

Vanquished Creatures (others)
  15 plants (D:2)
15 creatures vanquished.

Grand Total: 98 creatures vanquished

Table legend:
 A = Non-vault XP
 B = Vault XP
 C = Vault XP percentage of total XP
 D = Non-vault monster count
 E = Vault monster count
 F = Vault count percentage of total count
                 A         B        C        D         E       F
            +---------+---------+-------+---------+---------+-------
      Total |    1201 |      73 |   5.7 |      81 |       2 |   2.4
            +---------+---------+-------+---------+---------+-------
        D:1 |      45 |       0 |   0.0 |      23 |       0 |   0.0
        D:2 |      42 |      37 |  46.8 |      16 |       1 |   5.9
        D:3 |      70 |      36 |  34.0 |       7 |       1 |  12.5
        D:4 |     243 |       0 |   0.0 |      17 |       0 |   0.0
        D:5 |     686 |       0 |   0.0 |      14 |       0 |   0.0
        D:6 |     115 |       0 |   0.0 |       4 |       0 |   0.0
            +---------+---------+-------+---------+---------+-------

Illustrated notes

Table legend:
 A = Kills in this place as a percentage of kills in entire the game.
 B = Kills by you in this place as a percentage of kills by you in the entire game.
 C = Kills by friends in this place as a percentage of kills by friends in the entire game.
 D = Other kills in this place as a percentage of other kills in the entire game.
 E = Experience gained in this place as a percentage of experience gained in the entire game.
 F = Experience gained in this place divided by the number of levels of this place that you have seen.
                   A       B       C       D       E      F
               +-------+-------+-------+-------+-------+----------------------
         Total | 100.0 | 100.0 |   N/A |   N/A | 100.0 | 212.3
       Dungeon | 100.0 | 100.0 |   N/A |   N/A | 100.0 | 212.3
               +-------+-------+-------+-------+-------+----------------------

Table legend: (Time is in decaauts)
 A = Elapsed time spent in this place.
 B = Non-inter-level travel time spent in this place.
 C = Inter-level travel time spent in this place.
 D = Time resting spent in this place.
 E = Time spent auto-exploring this place.
 F = Levels seen in this place.
 G = Mean time per level.
                   A        B        C        D        E       F      G
               +--------+--------+--------+--------+--------+-----+--------+
         Total |   8204 |   8078 |    126 |   1284 |   5597 |   6 | 1367.3 |
       Dungeon |   8204 |   8078 |    126 |   1284 |   5597 |   6 | 1367.3 |
               +--------+--------+--------+--------+--------+-----+--------+

Top non-repeatable levels by time:
     D:4: 2258 daAuts
     D:5: 2198 daAuts
     D:1: 1710 daAuts
     D:3: 1147 daAuts
     D:2: 831 daAuts
     D:6: 58 daAuts
